 Dungeon Crawl Stone Soup version 0.29-a0-1006-g0dd7720b37 (webtiles) character file.

Game seed: 14406524503864742721

410 drpainis the Covert (level 6, -2/27 HPs)
             Began as a Spriggan Brigand on Aug 6, 2022.
             Was a Follower of Hepliaklqana.
             Slain by Duvessa
             ... wielding a +0 short sword
              (8 damage)
             ... on level 5 of the Dungeon.
             The game lasted 00:07:21 (4321 turns).

drpainis the Covert (Spriggan Brigand)              Turns: 4321, Time: 00:07:22

Health: -2/27      AC:  3    Str: 13    XL:     6   Next: 58%
Magic:  7/7        EV: 17    Int: 13    God:    Hepliaklqana [*.....]
Gold:   275        SH:  0    Dex: 18    Spells: 5/5 levels left

rFire   . . .      SeeInvis +   a - +2 dagger
rCold   . . .      Faith    .   (no shield)
rNeg    . . .      Spirit   .   b - +0 robe
rPois   +          Reflect  .   (helmet restricted)
rElec   .          Harm     .   c - +0 cloak
rCorr   .          Rampage  .   (gloves unavailable)
Will    +....                   (boots unavailable)
Stlth   ++++......              (no amulet)
HPRegen 0.09/turn               n - ring of poison resistance
MPRegen 0.10/turn               r - +6 ring of strength

@: very quick
A: reduced essence, very small, no large weapons, unfitting armour, see
invisible, speed 3
a: Renounce Religion, Recall Ancestor, Ancestor Identity


You were on level 5 of the Dungeon.
You worshipped Hepliaklqana.
Hepliaklqana was aware of your devotion.
You visited 1 branch of the dungeon, and saw 5 of its levels.

You collected 275 gold pieces.

Inventory:

Hand Weapons
 a - a +2 dagger (weapon)
Missiles
 d - 2 poisoned darts (quivered)
 e - 2 curare-tipped darts
Armour
 b - a +0 robe (worn)
 c - a +0 cloak (worn)
Jewellery
 n - a ring of poison resistance (left hand)
 r - a +6 ring of strength (right hand)
Scrolls
 f - 2 scrolls of amnesia
 g - a scroll of enchant weapon
 h - a scroll of enchant armour
 j - a scroll of noise {unknown}
 k - a scroll of brand weapon {unknown}
 m - a scroll of acquirement {unknown}
 o - 3 scrolls of fear
Potions
 i - a potion of magic
 l - a potion of might {unknown}
 p - a potion of heal wounds {unknown}
 q - a potion of curing {unknown}


   Skills:
 + Level 2.1 Fighting
 + Level 3.5 Short Blades
 + Level 4.8 Throwing
 + Level 2.2 Dodging
 + Level 8.4 Stealth


You had 5 spell levels left.
You didn't know any spells.
Your spell library contained the following spells:

 Spells                   Type           Power      Damage    Failure   Level
 Slow                     Hex            0%         N/A       30%         1
 Confusing Touch          Hex            0%         N/A       67%         3
 Vampiric Draining        Necr           0%         2d6       67%         3
 Summon Ice Beast         Ice/Summ       0%         N/A       97%         4
 Summon Mana Viper        Hex/Summ       0%         N/A       100%        5
 Monstrous Menagerie      Summ           0%         N/A       100%        7


Dungeon Overview and Level Annotations

Branches:
Dungeon (5/15)
 Temple: D:4-7

Altars:
Hepliaklqana
Makhleb
Trog
Vehumet
Yredelemnul

Annotations:
D:4 3 runed translucent doors, JakeJacob's ghost, amateur HOMo
D:5 Dowan; Duvessa


Innate Abilities, Weirdness & Mutations

Your life essence is reduced to manifest your ancestor. (-10% HP)
You are very small and have problems with some larger weapons.
You are too small for most types of armour.
You have supernaturally acute eyesight. (SInv)
You cover ground extremely quickly. (Speed+++)


Message History

The puff of frost hits Chad Warden.
Chad Warden resists.
An arrow appears from out of your range of vision.
The arrow barely misses Chad Warden.
You hit Duvessa but do no damage.
Duvessa is moderately wounded.
Duvessa says, "Where magic fails, the sword succeeds!"
Duvessa barely misses you.
A centaur comes into view. It is wielding a +0 shortbow.
You hit Duvessa.
Duvessa is moderately wounded.
Chad Warden misses Dowan.
Duvessa barely misses you.
Unknown command.
You hit Duvessa but do no damage.
Duvessa is heavily wounded.
Chad Warden closely misses Dowan.
Dowan points at you and mumbles some strange words.
The puff of flame misses you. Duvessa hits you but does no damage.
You hit Duvessa but do no damage.
Duvessa is heavily wounded.
The centaur shoots an arrow.
The arrow closely misses you.
It was a potion of magic.
Magic courses through your body.
The centaur shoots an arrow.
The arrow hits you.
Chad Warden barely misses Dowan.
Duvessa closely misses you.
You barely miss Duvessa.
Duvessa is heavily wounded.
Duvessa looks more healthy.
Chad Warden hits Dowan.
Duvessa completely misses you. Dowan closely misses you.
Unknown command.
You hit Duvessa but do no damage.
Duvessa is heavily wounded.
Chad Warden misses Dowan.
Duvessa says, "Beauty is only skin deep, and my weapons penetrate much further than that."
Duvessa hits you with a +0 short sword!
* * * LOW HITPOINT WARNING * * *
Dowan closely misses you.
You hit Duvessa but do no damage.
Duvessa is heavily wounded.
Chad Warden hits Dowan.
Duvessa hits you with a +0 short sword!
You die...

.#.###...##...
##.#..........#
.........#.#..# ..
.........###..##.#
...#..........#..# .
...####.....#.#.<# ..)
....#.###.###...####....
..#..............c......
............>...@e......
.......R###.....#eR..(..
........####....##......
#.#...####.......#..##:.
###....####......# ## .
##....# ####..## ##..##
#### ####


You could see the friendly Chad Warden the ancestor, Duvessa, Dowan (distracted,
ally target) and a centaur.

Vanquished Creatures
  A sky beast (D:4)
  3 scorpions (D:4)
  An orc priest (D:3)
  An iguana (D:4)
  3 adders
  A worm (D:3)
  A dart slug (D:2)
  3 orcs (D:3)
  2 endoplasms (D:1)
  4 giant cockroaches
  7 goblins
  6 hobgoblins
  4 quokkas
  2 ball pythons
  9 bats
  5 frilled lizards
  2 kobolds
  5 rats
60 creatures vanquished.

Vanquished Creatures (others)
  2 plants (D:3)
2 creatures vanquished.

Grand Total: 62 creatures vanquished

Notes
Turn   | Place    | Note
-------+----------+-------------------------------------------
     0 | D:1      | drpainis the Spriggan Brigand began the quest for the Orb.
     0 | D:1      | Reached XP level 1. HP: 10/10 MP: 2/2
    59 | D:1      | Reached skill level 6 in Stealth
   205 | D:1      | Reached XP level 2. HP: 14/14 MP: 3/3
  1105 | D:2      | Reached XP level 3. HP: 11/18 MP: 4/4
  1383 | D:2      | Reached skill level 7 in Stealth
  2053 | D:3      | Reached XP level 4. HP: 7/23 MP: 5/5
  2818 | D:3      | Found a basalt altar of Yredelemnul.
  3037 | D:3      | Found a hazy altar of Hepliaklqana.
  3229 | D:3      | Became a worshipper of Hepliaklqana the Forgotten
  3291 | D:4      | Noticed a scorpion
  3298 | D:4      | Killed a scorpion
  3299 | D:4      | Reached XP level 5. HP: 26/26 MP: 6/6
  3384 | D:4      | Reached skill level 8 in Stealth
  3384 | D:4      | Reached XP level 6. HP: 15/30 MP: 7/7
  3556 | D:4      | Found a burning altar of Makhleb.
  3560 | D:4      | Found a bloodstained altar of Trog.
  3657 | D:4      | Found a radiant altar of Vehumet.
  3658 | D:4      | Noticed a sky beast
  3679 | D:4      | Killed a sky beast
  3920 | D:4      | Found a runed translucent gate.
  3921 | D:4      | Found a runed translucent gate.
  3922 | D:4      | Found a runed translucent gate.
  3923 | D:4      | Noticed JakeJacob's ghost (amateur HOMo)
  3927 | D:4      | Identified the +5 chain mail of Pyczuizu {rF+ Regen+
                  | Stlth+}
  3927 | D:4      | Noticed an orc warrior
  4119 | D:4      | Identified the +8 dagger of Misery {holy, +Blink rElec}
  4119 | D:4      | Identified the +1 leather armour of Uttiph {rPois rC+
                  | Regen+ Dex+4}
  4226 | D:5      | Entered Level 5 of the Dungeon
  4264 | D:5      | Reached * piety under Hepliaklqana
  4305 | D:5      | Noticed Duvessa
  4307 | D:5      | Noticed Dowan
  4321 | D:5      | Slain by Duvessa

Illustrated notes

Levels and vault maps discovered:
D:1:      dpeg_arrival_arbitrary_b, layout_rooms
D:2:      layout_basic, nicolae_concentric_dashed_squares_wild
D:3:      layout_loops_ring, nicolae_hepliaklqana_hippocampus,
          mainiacjoe_overflow_boulevard
D:4:      layout_basic, nicolae_vehumet_radiance, jmf_multi_god_temple,
          biasface_ghost_orc_armoury
D:5:      layout_cave_pools, uniq_duvessa

Skill      XL: |  1  2  3  4  5 |
---------------+----------------+-----
Stealth        | 6 7 8 |  8.4
Throwing       | 3 4 |  4.8
Fighting       | 2 |  2.1
Short Blades   | 3 |  3.5
Dodging        | 2 |  2.2

Action                   |  1- 3 |  4- 6 || total
-------------------------+-------+-------++-------
Melee: Dagger            |    63 |    68 ||   131
Throw: Dart              |    44 |    33 ||    77
Invok: Ancestor Identity |       |     1 ||     1
  Use: Scroll            |       |     4 ||     4
       Potion            |       |     1 ||     1
 Stab: Sleeping          |     8 |     7 ||    15
       Distracted        |       |     2 ||     2
Armor: Robe              |    14 |     1 ||    15
Dodge: Dodged            |    48 |    34 ||    82

Table legend: (Time is in decaauts)
 A = Elapsed time spent in this place.
 B = Non-inter-level travel time spent in this place.
 C = Inter-level travel time spent in this place.
 D = Time resting spent in this place.
 E = Time spent auto-exploring this place.
 F = Levels seen in this place.
 G = Mean time per level.
                   A        B        C        D        E       F      G
               +--------+--------+--------+--------+--------+-----+--------+
         Total |   3257 |   3178 |     79 |    724 |   1837 |   5 |  651.4 |
       Dungeon |   3257 |   3178 |     79 |    724 |   1837 |   5 |  651.4 |
               +--------+--------+--------+--------+--------+-----+--------+

Top non-repeatable levels by time:
     D:3: 1090 daAuts
     D:2: 732 daAuts
     D:1: 687 daAuts
     D:4: 684 daAuts
     D:5: 62 daAuts
